 Dungeon Crawl Stone Soup version 0.30-a0-1160-g6e42c06551 (webtiles) character file.

Game seed: 6997678889988808778

6 dave1331 the Changer (level 1, -2/9 HPs)
             Began as a Spriggan Transmuter on Apr 25, 2023.
             Killed from afar by a dart slug (6 damage)
             ... with a slug dart
             ... on level 1 of the Dungeon.
             The game lasted 00:01:45 (113 turns).

dave1331 the Changer (Spriggan Transmuter)           Turns: 113, Time: 00:01:46

Health: -2/9       AC:  2    Str:  6    XL:     1   Next: 75%
Magic:  5/5        EV: 17    Int: 14    God:
Gold:   0          SH:  0    Dex: 15    Spells: 4/5 levels left

rFire   . .          .
                       - Unarmed
rCold   . . .        (no shield)
rNeg    . . .        a - +0 robe
rPois   .            (helmet restricted)
rElec   .            (no cloak)
rCorr   .            (gloves unavailable)
SInv    +            (boots unavailable)
Will    .....        (no amulet)
Stlth   +            (no ring)
HPRegen 0.21/turn    (no ring)
MPRegen 0.09/turn

%: no passive effects
@: very quick
A: very small, no large weapons, unfitting armour, see invisible, speed 3
a: no special abilities


You were on level 1 of the Dungeon.
You visited 1 branch of the dungeon, and saw 1 of its levels.

Inventory:

Armour
 a - a +0 robe (worn)
Scrolls
 d - a scroll of fear {unknown}
Potions
 b - a potion of lignification
 c - a potion of mutation {unknown}


   Skills:
 + Level 0.9 Fighting
 + Level 2.8 Dodging
 + Level 2.5 Unarmed Combat
 + Level 2.8 Spellcasting
 + Level 2.8 Transmutations


You had 4 spell levels left.
You knew the following spells:

 Your Spells              Type           Power      Damage    Failure   Level
a - Beastly Appendage     Tmut           20%        N/A       7%          1

Your spell library contained the following spells:

 Spells                   Type           Power      Damage    Failure   Level
 Wereblood                Tmut           10%        N/A       10%         2
 Spider Form              Tmut/Pois      6%         N/A       36%         3
 Ice Form                 Ice/Tmut       6%         N/A       77%         4


Dungeon Overview and Level Annotations

Branches:
Dungeon (1/15)

Altars:


Innate Abilities, Weirdness & Mutations

You are very small and have problems with some larger weapons.
You are too small for most types of armour.
You have supernaturally acute eyesight. (SInv)
You cover ground extremely quickly. (Speed+++)


Message History

You hit the hobgoblin.
You kill the hobgoblin!
You see here a hobgoblin corpse.
c - a bubbling inky potion;
d - a scroll labelled NUORGH CAULOME A goblin comes into view.
It is wielding a +0 dagger.
The goblin shouts!
Found 18 gold pieces.
The goblin closely misses you.
You closely miss the goblin. The goblin closely misses you.
You barely miss the goblin. You hit the goblin. You punch the goblin.
You kill the goblin!
Found a scroll labelled TEGYGG XUEXUE.
You see here a +0 dagger.
HP restored.
A dart slug and an endoplasm come into view.
The dart slug launches a dart at you. The slug dart misses you.
The endoplasm quivers.
You see here a scroll labelled TEGYGG XUEXUE.
Found a murky emerald potion.
The dart slug launches a dart at you. The slug dart misses you.
You hit the endoplasm.
The endoplasm is lightly wounded.
The endoplasm misses you.
You hit the endoplasm.
The endoplasm is moderately wounded.
The endoplasm freezes you.
You are frozen.
You hit the endoplasm.
The endoplasm is almost dead.
The endoplasm hits you but does no damage.
The dart slug launches a dart at you. The slug dart hits you.
You hit the endoplasm.
You kill the endoplasm!
The dart slug launches a dart at you. The slug dart hits you.
Ouch! That really hurt!
You die...

..............
.............. .#
..........#.. #........#####
......w...#.# #.............
............###.............
..........$#................
...........#...............#
........?..................#
...........@...............#
...........................#
............................
!.........................†.
...............)............
####.............##.........
#....................####
..#......................
....########...........


You could see a dart slug.

Vanquished Creatures
  2 endoplasms (D:1)
  A giant cockroach (D:1)
  A hobgoblin (D:1)
  A goblin (D:1)
5 creatures vanquished.

Notes
Turn   | Place    | Note
-------+----------+-------------------------------------------
     0 | D:1      | dave1331 the Spriggan Transmuter began the quest for the
                  | Orb.
     0 | D:1      | Reached XP level 1. HP: 9/9 MP: 5/5
   113 | D:1      | Killed from afar by a dart slug

Illustrated notes

Levels and vault maps discovered:
D:1:      ncdulo_smallfort, layout_basic, kennysheep_crisscross

Action                     || total
---------------------------++-------
  Melee: Unarmed           ||    18
         Punch             ||     2
 Armour: Robe              ||     1
  Dodge: Dodged            ||    14

Table legend: (Time is in decaauts)
 A = Elapsed time spent in this place.
 B = Non-inter-level travel time spent in this place.
 C = Inter-level travel time spent in this place.
 D = Time resting spent in this place.
 E = Time spent auto-exploring this place.
 F = Levels seen in this place.
 G = Mean time per level.
                   A        B        C        D        E       F      G
               +--------+--------+--------+--------+--------+-----+--------+
         Total |     87 |     82 |      5 |      0 |     46 |   1 |   87.0 |
       Dungeon |     87 |     82 |      5 |      0 |     46 |   1 |   87.0 |
               +--------+--------+--------+--------+--------+-----+--------+

Top non-repeatable levels by time:
     D:1: 87 daAuts
